 Dungeon Crawl Stone Soup version 0.22.0-25-g7663229 (webtiles) character file.

9436 kalagan the Thaumaturge (level 11, -10/60 HPs)
             Began as a Deep Elf Fire Elementalist on Aug 20, 2018.
             Was a Believer of Vehumet.
             Mangled by a spiny frog (17 damage)
             ... on level 1 of the Lair of Beasts.
             The game lasted 00:46:05 (13474 turns).

kalagan the Thaumaturge (DEFE)                     Turns: 13474, Time: 00:46:06

Health: -10/60     AC:  0    Str:  5    XL:     11   Next: 23%
Magic:  18/27      EV: 18    Int: 24    God:    Vehumet [**....]
Gold:   194        SH:  0    Dex: 15    Spells: 11/30 levels left

rFire    . . .     SeeInvis .   (weapon currently unavailable)
rCold    . . .     Gourm    .   (shield currently unavailable)
rNeg     . . .     Faith    .   (armour currently unavailable)
rPois    .         Spirit   .   (helmet currently unavailable)
rElec    .         Reflect  .   (cloak currently unavailable)
rCorr    .         Harm     .   (gloves currently unavailable)
MR       +....                  (boots currently unavailable)
Stlth    +++.......             l - amulet of magic regeneration
HPRegen  0.20/turn              (ring currently unavailable)
MPRegen  0.45/turn              (ring currently unavailable)

@: pig-form, very slightly contaminated, very quick
A: small
a: Renounce Religion


You were on level 1 of the Lair of Beasts.
You worshipped Vehumet.
Vehumet was pleased with you.
You were not hungry.
You were a filthy swine.
You visited 3 branches of the dungeon, and saw 12 of its levels.

You collected 507 gold pieces.
You spent 313 gold pieces at shops.

Inventory:

Hand Weapons
 F - the +4 trident "Odemeg" (melded) {pierce, rPois rF+ Str+3}
   (You found it on level 6 of the Dungeon)

   It inflicts extra damage upon your enemies.
   It affects your strength (+3).
   It protects you from fire.
   It protects you from poison.
Armour
 e - a +2 leather armour of fire resistance
 t - a +1 cloak (melded)
 x - a +0 pair of boots (melded)
 J - the +0 scale mail of Vebuor (melded) {Int+9 Stlth-}
   (You bought it in a shop on level 6 of the Dungeon)

   It affects your intelligence (+9).
   It makes you less stealthy.
Jewellery
 l - an amulet of magic regeneration (around neck)
Wands
 h - a wand of disintegration (10)
 i - a wand of random effects (27)
 I - a wand of enslavement (12)
Scrolls
 d - 6 scrolls of teleportation
 g - 3 scrolls of remove curse
 m - a scroll of magic mapping
 r - 2 scrolls of fear
 v - a scroll of blinking
 w - a scroll of silence
 y - a scroll of summoning {unknown}
 A - a scroll of fog {unknown}
 C - a scroll of immolation {unknown}
 D - a scroll of random uselessness {unknown}
 E - a scroll of amnesia
 G - a scroll of enchant weapon
Potions
 a - a potion of heal wounds
 b - 3 potions of haste
 f - 2 potions of lignification
 j - 3 potions of invisibility
 k - a potion of cancellation
 n - 2 potions of curing
 q - 3 potions of berserk rage
 u - a potion of resistance
 z - a potion of flight
Comestibles
 c - 16 rations


   Skills:
 + Level 3.6 Fighting
   Level 0.1 Short Blades
 - Level 3.2 Polearms
 * Level 6.1 Armour
 + Level 5.7 Dodging
 + Level 6.0 Stealth
 + Level 10.3 Spellcasting
 + Level 7.5 Conjurations
 + Level 5.4 Hexes
 + Level 8.6 Fire Magic
 + Level 0.6 Evocations


You had 11 spell levels left.
You knew the following spells:

 Your Spells              Type           Power        Failure   Level  Hunger
a - Flame Tongue          Conj/Fire      #####        1%          1    None
b - Throw Flame           Conj/Fire      ######       1%          2    None
c - Conjure Flame         Conj/Fire      ######..     1%          3    None
d - Inner Flame           Hex/Fire       #####...     1%          3    None
e - Sticky Flame          Conj/Fire      ######..     1%          4    #......
f - Fireball              Conj/Fire      ######....   4%          5    ####...
g - Sting                 Conj/Pois      ####         1%          1    None

Your spell library contained the following spells:

 Spells                   Type           Power        Failure   Level  Hunger


Dungeon Overview and Level Annotations

Branches:
Dungeon (10/15)            Temple (1/1) D:6            Lair (1/6) D:9
    Orc: D:9-12

Altars:
Ashenzari
Cheibriados
Elyvilon
Fedhas
Gozag
Hepliaklqana
Kikubaaqudgha
Nemelex Xobeh
Okawaru
Qazlal
Sif Muna
Trog
Vehumet
Wu Jian
Xom
Yredelemnul
Zin
The Shining One

Shops:
D:6 [   D:7 :   D:9 (

Annotations:
Lair:1 Joseph, Nergalle


Message History

Nergalle burns!
The spiny frog burns!
A spiny frog and Joseph come into view.
Joseph is wielding a quarterstaff of protection.
Joseph shouts!
The spiny frog croaks.
Nergalle burns!
The spiny frog burns!
Nergalle burns!
The spiny frog burns!
Joseph zaps a wand.
You turn into a filthy swine.
The +4 trident "Odemeg" {pierce, rPois rF+ Str+3} melds into your body.
Your +1 cloak melds into your body.
Your +0 pair of boots melds into your body.
The +0 scale mail of Vebuor {Int+9 Stlth-} melds into your body.
It is a wand of polymorph (8).
The spiny frog misses you.
The spiny frog burns!
The spiny frog stops burning.
You can't do that in your present form.
Unknown command.
The spiny frog stings you!!
* * * LOW HITPOINT WARNING * * *
The spiny frog croaks.
The spiny frog stings you!
You die...

# #####.# #....
#### ##### ##..#
.....##.#.#####..#
.......<..h.F....#
...........F#.F..#
..............##.#
.....###.#.#####.#
##...
###.@....#......#
#...
#P.#####.######.
(.. .....# ..# ##.
...@.... .##
........ .P


You could see Joseph (wandering) and 3 spiny frogs.

Vanquished Creatures
  A two-headed ogre (D:8)
  The ghost of Inarius the Archer, a novice CeHu of Hepliaklqana (D:9)
  A spectral centaur (D:9)
  A cyclops (D:9)
  Maurice (D:10)
  A centaur zombie (D:10)
  2 trolls
  A hippogriff (D:9)
  2 centaur simulacra (D:9)
  Sigmund (D:4)
  Eustachio (D:5)
  6 yaks (D:10)
  A spectral hornet (D:9)
  A water moccasin (D:7)
  A porcupine (D:9)
  4 orc warriors
  An ice beast (D:9)
  2 sky beasts
  3 ogres
  6 centaurs
  2 crocodiles
  6 bullfrogs
  2 big kobolds
  4 scorpions
  6 killer bees (D:8)
  8 wights (D:9)
  4 howler monkeys
  8 crimson imps
  A quasit (D:7)
  A gnoll shaman (D:4)
  A bullfrog zombie (D:8)
  Crazy Yiuf (D:3)
  7 hounds
  3 orc priests
  A centaur skeleton (D:5)
  A jelly (D:9)
  5 orc wizards
  A bullfrog skeleton (D:10)
  3 iguanas
  9 worker ants
  A killer bee zombie (D:6)
  A bullfrog simulacrum (D:9)
  A hound zombie (D:10)
  9 gnolls
  15 adders
  An adder zombie (D:8)
  4 worms
  A dart slug (D:1)
  5 leopard geckos
  24 orcs
  A ball python (D:6)
  2 giant cockroaches
  18 goblins
  7 hobgoblins
  5 jackals
  10 quokkas
  6 bats
  4 frilled lizards
  16 kobolds
  A quokka skeleton (D:4)
  5 rats
249 creatures vanquished.

Vanquished Creatures (others)
  2 fungi (D:9)
2 creatures vanquished.

Grand Total: 251 creatures vanquished

Notes
Turn   | Place    | Note
-------+----------+-------------------------------------------
     0 | D:1      | kalagan the Deep Elf Fire Elementalist began the quest for the Orb.
     0 | D:1      | Reached XP level 1. HP: 10/10 MP: 6/6
   209 | D:1      | Reached XP level 2. HP: 12/15 MP: 5/8
   885 | D:1      | Learned a level 2 spell: Throw Flame
  1331 | D:2      | Reached XP level 3. HP: 18/19 MP: 2/9
  1336 | D:2      | Learned a level 3 spell: Conjure Flame
  1694 | D:2      | Reached XP level 4. HP: 17/24 MP: 4/11
  2063 | D:2      | Reached skill level 4 in Spellcasting
  2382 | D:3      | Learned a level 3 spell: Inner Flame
  2390 | D:3      | Reached XP level 5. HP: 15/28 MP: 8/13
  2715 | D:3      | Reached skill level 1 in Polearms
  2791 | D:3      | Reached skill level 1 in Fighting
  3017 | D:3      | Found a runed door.
  3021 | D:3      | Noticed Crazy Yiuf
  3030 | D:3      | Killed Crazy Yiuf
  3030 | D:3      | Reached XP level 6. HP: 34/34 MP: 11/14
  3036 | D:3      | Learned a level 4 spell: Sticky Flame
  4265 | D:4      | Noticed Sigmund
  4277 | D:4      | Killed Sigmund
  4277 | D:4      | Reached skill level 1 in Hexes
  4277 | D:4      | Reached XP level 7. HP: 36/38 MP: 7/16
  4499 | D:4      | Reached skill level 5 in Spellcasting
  5235 | D:4      | Found a bloodstained altar of Trog.
  5434 | D:5      | Entered Level 5 of the Dungeon
  5466 | D:5      | Reached skill level 5 in Fire Magic
  5936 | D:5      | Noticed Eustachio
  5991 | D:5      | Killed Eustachio
  5991 | D:5      | Reached skill level 5 in Stealth
  5991 | D:5      | Reached skill level 6 in Spellcasting
  5991 | D:5      | Reached XP level 8. HP: 21/44 MP: 10/19
  6615 | D:6      | Learned a level 5 spell: Fireball
  6707 | D:6      | Got a bone trident
  6711 | D:6      | Identified the +4 trident "Odemeg" {pierce, rPois rF+ Str+3} (You found it on level 6 of the Dungeon)
  6809 | D:6      | Found Ziad's Armour Shop.
  7016 | D:6      | Found a staircase to the Ecumenical Temple.
  7048 | D:6      | Found a blossoming altar of Fedhas.
  7661 | D:7      | Reached skill level 1 in Armour
  7711 | D:7      | Found Dikhlyhie's Book Shoppe.
  7860 | D:7      | Found a bloodstained altar of Trog.
  8168 | D:7      | Reached skill level 7 in Spellcasting
  8168 | D:7      | Reached XP level 9. HP: 49/49 MP: 16/21
  8208 | D:8      | Reached skill level 5 in Dodging
  8275 | Temple   | Entered the Ecumenical Temple
  8319 | Temple   | Became a worshipper of Vehumet
  8534 | D:8      | Noticed a two-headed ogre
  8640 | D:8      | Reached skill level 5 in Conjurations
  8774 | D:8      | Killed a two-headed ogre
  8774 | D:8      | Reached skill level 8 in Spellcasting
  9247 | D:6      | Bought the +0 scale mail of Vebuor {Int+9 Stlth-} for 313 gold pieces
  9587 | D:9      | Reached skill level 5 in Hexes
  9610 | D:9      | Reached * piety under Vehumet
  9610 | D:9      | Offered knowledge of Freeze by Vehumet.
  9722 | D:9      | Reached XP level 10. HP: 32/55 MP: 14/24
  9826 | D:9      | Found Magh's Antique Weapon Shop.
  9842 | D:9      | Reached skill level 9 in Spellcasting
  9983 | D:9      | Noticed a cyclops
 10381 | D:9      | Found a runed gate.
 10382 | D:9      | Found a runed gate.
 10382 | D:9      | Found a runed gate.
 10383 | D:9      | Noticed a spectral centaur warrior
 10386 | D:9      | Noticed Inarius's ghost (novice CeHu)
 10865 | D:9      | Found a staircase to the Lair.
 11047 | D:9      | Reached ** piety under Vehumet
 11157 | D:9      | Killed a cyclops
 11157 | D:9      | Offered knowledge of Sting by Vehumet.
 11195 | D:9      | Learned a level 1 spell: Sting
 11321 | D:9      | Killed a spectral centaur warrior
 11640 | D:9      | Killed Inarius's ghost
 11640 | D:9      | Reached skill level 5 in Armour
 11640 | D:9      | Reached skill level 10 in Spellcasting
 11729 | Lair:1   | Entered Level 1 of the Lair of Beasts
 11729 | Lair:1   | Noticed Nergalle
 11790 | Lair:1   | Noticed a spiny frog
 11964 | D:10     | Entered Level 10 of the Dungeon
 12084 | D:10     | Noticed Maurice
 12134 | D:10     | Killed Maurice
 12134 | D:10     | Reached XP level 11. HP: 10/60 MP: 17/27
 13461 | Lair:1   | Noticed Joseph
 13474 | Lair:1   | Mangled by a spiny frog

Skill      XL: |  1  2  3  4  5  6  7  8  9 10 11 |
---------------+----------------------------------+-----
Dodging        | 3 4 5 |  5.7
Stealth        | 3 4 5 6 |  6.0
Conjurations   | 2 3 4 6 7 |  7.5
Fire Magic     | 4 5 6 7 8 |  8.6
Spellcasting   | 4 6 7 8 10 | 10.3
Polearms       | 1 2 3 |  3.2
Fighting       | 1 2 3 |  3.6
Hexes          | 1 3 5 |  5.4
Armour         | 1 2 5 6 |  6.1
Short Blades   | |  0.1
Evocations     | |  0.6

Action                   |  1- 3 |  4- 6 |  7- 9 | 10-12 || total
-------------------------+-------+-------+-------+-------++-------
Melee: Dagger            |    56 |       |       |       ||    56
       Unarmed           |     4 |       |       |       ||     4
       Spear             |       |   170 |   153 |       ||   323
       Trident           |       |       |   153 |   163 ||   316
 Cast: Flame Tongue      |    37 |    39 |    31 |    18 ||   125
       Throw Flame       |     7 |     6 |    14 |    11 ||    38
       Conjure Flame     |     2 |    14 |    10 |    18 ||    44
       Inner Flame       |       |     5 |     9 |     3 ||    17
       Sticky Flame      |       |     2 |    31 |    39 ||    72
       Fireball          |       |       |     3 |     3 ||     6
       Sting             |       |       |       |     2 ||     2
Evoke: Wand              |       |       |     2 |     6 ||     8
  Use: Scroll            |       |     3 |    16 |     7 ||    26
       Potion            |       |     1 |     2 |     4 ||     7
 Stab: Sleeping          |     1 |    10 |     8 |       ||    19
  Eat: Chunk             |     3 |    10 |    18 |     8 ||    39
       Ration            |       |       |     1 |     1 ||     2
Armor: Robe              |    26 |     8 |    28 |       ||    62
       Leather armour    |       |       |    51 |       ||    51
       Scale mail        |       |       |     1 |    96 ||    97
Dodge: Dodged            |    68 |    61 |   196 |   105 ||   430
